 Dungeon Crawl Stone Soup version 0.27.1-2-g3b301248ec (webtiles) character file.

Game seed: 7667558241900044882

19 Waffleater7 the Skirmisher (level 2, -1/24 HPs)
             Began as a Demonspawn Chaos Knight on Sept 23, 2021.
             Was a Plaything of Xom.
             Slain by Jessica (3 damage)
             ... on level 2 of the Dungeon.
             The game lasted 00:02:27 (1271 turns).

Waffleater7 the Skirmisher (DsCK)                   Turns: 1271, Time: 00:02:28

Health: -1/24      AC:  5    Str: 12    XL:     2   Next: 55%
Magic:  2/2        EV: 11    Int: 13    God:    Xom [..*...]
Gold:   25         SH:  0    Dex: 12    Spells: 1/1 levels left

rFire    . . .     SeeInvis .   a - +0 hand axe (chaos)
rCold    . . .     Faith    .   (no shield)
rNeg     . . .     Spirit   .   b - +2 leather armour
rPois    .         Reflect  .   (no helmet)
rElec    .         Harm     .   (no cloak)
rCorr    .         Rampage  .   (no gloves)
Will     .....                  (no boots)
Stlth    +.........             (no amulet)
HPRegen  0.08/turn              (no ring)
MPRegen  0.08/turn              (no ring)

@: no status effects
A: sturdy frame 1
a: Renounce Religion


You were on level 2 of the Dungeon.
You worshipped Xom.
You were a toy of Xom.
You visited 1 branch of the dungeon, and saw 2 of its levels.

You collected 25 gold pieces.

Inventory:

Hand Weapons
 a - a +0 hand axe of chaos (weapon)
Missiles
 c - 83 stones (quivered)
 f - 8 poisoned darts
Armour
 b - a +2 leather armour (worn)
Scrolls
 e - 3 scrolls of identify


   Skills:
 + Level 3.3 Fighting
 + Level 3.2 Axes
 + Level 1.8 Armour
 + Level 0.8 Dodging


You had one spell level left.
You didn't know any spells.
Your spell library contained the following spells:

 Spells                   Type           Power      Damage    Failure   Level
 Summon Small Mammal      Summ           0%         N/A       32%         1
 Sublimation of Blood     Necr           0%         N/A       43%         2
 Call Canine Familiar     Summ           0%         N/A       67%         3
 Summon Guardian Golem    Hex/Summ       0%         N/A       67%         3
 Petrify                  Tmut/Erth      0%         N/A       97%         4
 Irradiate                Conj/Tmut      0%         3d14      100%        5


Dungeon Overview and Level Annotations

Branches:
Dungeon (2/15)

Altars:

Annotations:
D:2 Jessica


Innate Abilities, Weirdness & Mutations

Your movements are slightly less encumbered by armour. (ER -2)


Message History

There is a stone staircase leading up here.
The helpless ball python fails to defend itself.
You hit the ball python.
You kill the ball python!
No target in view!
Found 17 stones.
c - 83 stones (gained 17)
Found a scroll of identify.
Found a stone staircase leading down.
Jessica the Apprentice Sorceress comes into view.
She is wielding a +0 dagger.
Found a scroll labelled ESHOOSTR BAABUR.
You see here a scroll of identify.
e - 3 scrolls of identify (gained 1) Jessica mumbles some strange words.
Jessica seems to speed up.
Jessica hits you with a +0 dagger. Jessica hits you with a +0 dagger.
Jessica gestures at you while chanting. Pain shoots through your body!
Ouch! That really hurt!
You hit Jessica.
Jessica flickers and vanishes!
Deactivating autopickup; reactivate with Ctrl-A.
Xom is highly amused!
Something completely misses you.
You barely miss something.
You hear some strange, mumbled words.
Something tries to affect you, but you resist.
Something hits you but does no damage.
You miss something.
You hear some strange, mumbled words.
Okay, then.
You aren't carrying any potions.
Something hits you.
* * * LOW HITPOINT WARNING * * *
Something hits you.
* * * LOW HITPOINT WARNING * * *
Something hits you.
* * * LOW HITPOINT WARNING * * *
Something hits you.
You die... "This toy is broken."

#......##.#..##.#
###.####....#..<#.#
#...# ######.....#
###.###########.#.###
#............##.#.#
#............##.#.#
#............##.#.#
+......>.....##.#.#
#..........@?#....#
..............#
...............#
...............#
.##............#
..........#
####.###### #.


There were no monsters in sight!

Vanquished Creatures
  2 ball pythons
  2 endoplasms (D:1)
  A giant cockroach (D:1)
  2 goblins (D:1)
  A hobgoblin (D:1)
  3 kobolds (D:1)
  A quokka (D:1)
  2 bats (D:1)
  3 frilled lizards (D:1)
  2 rats (D:1)
19 creatures vanquished.

Notes
Turn   | Place    | Note
-------+----------+-------------------------------------------
     0 | D:1      | Waffleater7 the Demonspawn Chaos Knight began the quest for
                  | the Orb.
     0 | D:1      | Reached XP level 1. HP: 18/18 MP: 1/1
    64 | D:1      | XOM: divination: detect items
    72 | D:1      | Found a faded altar of an unknown god.
   123 | D:1      | XOM: silly message
   321 | D:1      | Gained mutation: Your movements are slightly less
                  | encumbered by armour. (ER -2) [demonic ancestry]
   321 | D:1      | Reached XP level 2. HP: 24/24 MP: 2/2
   612 | D:1      | XOM: noise
  1257 | D:2      | Noticed Jessica
  1271 | D:2      | Slain by Jessica

Illustrated notes

Levels and vault maps discovered:
D:1:      evilmike_arrival_plus, layout_basic, basic_ecumenical_altar,
          dk_noncrumbling_2
D:2:      layout_basic, minmay_cupped, uniq_jessica, uniq_crazy_yiuf_cottage

Skill      XL: |  1 |
---------------+----+-----
Axes           | 3 |  3.2
Fighting       | |  3.3
Armour         | |  1.8
Dodging        | |  0.8

Action                   || total
-------------------------++-------
Melee: Hand axe          ||    39
Throw: Stone             ||     6
  Use: Scroll            ||     2
 Stab: Sleeping          ||     1
Armor: Leather armour    ||    18
Dodge: Dodged            ||    29
